 Dungeon Crawl Stone Soup version 0.31.0-9-g3a7656b989 (webtiles) character file.

Game seed: 17001094352020511022

4785 qw the Skirmisher (level 10, -8/60 HPs)
             Began as a Deep Elf Hunter on Feb 2, 2024.
             Was an Initiate of Okawaru.
             Killed by divine providence
             ... invoked by an orc priest
              (14 damage)
             ... on level 8 of the Dungeon.
             The game lasted 00:00:36 (5877 turns).

qw the Skirmisher (Deep Elf Hunter)                 Turns: 5877, Time: 00:00:36

Health: -8/60      AC: 10    Str: 12    XL:     10   Next: 24%
Magic:  12/12      EV: 15    Int: 15    God:    Okawaru [......]
Gold:   494        SH:  0    Dex: 18    Spells: 9/9 levels left

rFire   . . .        q - +0 orcbow
rCold   . . .        (shield currently unavailable)
rNeg    . . .        g - +0 ring mail
rPois   .            e - +0 helmet
rElec   .            (no cloak)
rCorr   .            m - +1 pair of gloves
SInv    .            f - +0 pair of boots
Will    +....        c - amulet of Vitality {RegenMP++ Regen++}
Stlth   +            (no ring)
HPRegen 1.90/turn    (no ring)
MPRegen 0.93/turn

%: no passive effects
@: about to teleport
A: no striking features
a: Renounce Religion


You were on level 8 of the Dungeon.
You worshipped Okawaru.
Okawaru was noncommittal.
You visited 2 branches of the dungeon, and saw 9 of its levels.
You also visited: Ossuary.

You collected 494 gold pieces.


   Skills:
 - Level 6.0 Fighting
 + Level 14.5 Ranged Weapons
 - Level 3.3 Armour
 - Level 8.6 Dodging
 - Level 1.2 Stealth


You had 9 spell levels left.
You didn't know any spells.
Your spell library was empty.

Inventory:

Hand Weapons
 q - a +0 orcbow (weapon)
Armour
 e - a +0 helmet (worn)
 f - a +0 pair of boots (worn)
 g - a +0 ring mail (worn)
 m - a +1 pair of gloves (worn)
Jewellery
 c - the amulet of Vitality (around neck) {RegenMP++ Regen++}
   (You acquired it on level 2 of the Dungeon)

   [amulet of magic regeneration]

   RegenMP:   It increases your rate of magic regeneration.
   Regen++:   It increases your rate of health regeneration.
 o - a ring of ice
Wands
 h - a wand of paralysis (11)
 r - a wand of polymorph (8)
Scrolls
 n - 2 scrolls of teleportation
Potions
 a - a potion of mutation {unknown}
 b - 2 potions of curing
 d - 3 potions of cancellation
 i - a potion of enlightenment
 j - a potion of haste
 k - 2 potions of might
 p - 2 potions of heal wounds

Dungeon Overview and Level Annotations

Branches:
Dungeon (8/15)             Temple (1/1) D:7         Ossuary (visited)
   Lair: D:8-11

Altars:
Ashenzari
Cheibriados
Dithmenos
Elyvilon
Fedhas
Gozag
Kikubaaqudgha
Makhleb
Nemelex Xobeh
Okawaru
Qazlal
Ru
Sif Muna
Trog
Uskayaw
Vehumet
Wu Jian
Yredelemnul
The Shining One


Message History

Okawaru accepts your kill. The orc warrior closely misses you.
You shoot an arrow.
The arrow hits the orc but does no damage.
You shoot an arrow. The arrow hits the orc!
You kill the orc!
Okawaru accepts your kill.
An orc priest comes into view. It is wielding a +0 dagger.
The orc warrior hits you from afar with a +0 halberd!
The orc priest casts a cantrip, but nothing happens.
You shoot an arrow.
The arrow barely misses the orc warrior.
The orc priest shouts!
You hear a shout!
The orc warrior hits you from afar with a +0 halberd.
Something hits you but does no damage.
You shoot an arrow.
The arrow hits the orc warrior but does no damage.
The orc warrior hits you from afar with a +0 halberd!
Something hits you.
You shoot an arrow.
The orc warrior hits you from afar with a +0 halberd!
The orc priest begins to cast a cantrip, but forgets the words!
Something hits you.
You shoot an arrow. The orc priest miscasts a cantrip.
The orc warrior hits you from afar with a +0 halberd.
The orc priest calls down the wrath of Beogh upon you.
Beogh smites you! Something barely misses you.
You shoot an arrow. The arrow hits the orc warrior!
The orc warrior is moderately wounded.
An orc comes into view. It is wielding a +0 morningstar.
The orc warrior hits you from afar with a +0 halberd!
Something hits you but does no damage.
5877 ||| READING 3 scrolls of teleportation.
As you read the scroll of teleportation, it crumbles to dust.
You feel strangely unstable.
The orc priest mumbles some strange prayers to Beogh against you.
Beogh smites you!
You die...

##.# #... #..# #..#
#..# #).# #..###
########....#
#........##@# .#
#.#########)## .# #.#
#oo.# .# #.# #....o.#
.#####.# #$....).#
....##.# #........#
.......######......o#
...._..............#..
.......######......#..o


You could see an orc warrior, 2 orc priests and an orc.

Vanquished Creatures
  Pikel (D:7)
  Joseph (D:7)
  Grinder (D:3)
  3 wyverns
  Edmund (D:6)
  2 orc warriors
  A black bear (D:6)
  3 ice beasts (D:6)
  2 ogres
  2 centaurs
  2 wolves (D:8)
  A lemure (D:7)
  2 bullfrogs (D:7)
  An elf zombie (Ossuary)
  A gnoll sergeant (D:7)
  9 scorpions
  3 wights (D:6)
  A howler monkey (D:7)
  A bombardier beetle (D:5)
  6 jellies
  2 gnoll boudas
  2 orc priests
  3 hounds
  3 iguanas
  Jessica (D:3)
  3 sleepcaps
  2 orc wizards (D:4)
  5 scorpion zombies (Ossuary)
  3 mummies (Ossuary)
  Robin (D:3)
  17 gnolls
  8 adders
  A white imp (D:5)
  2 ufetubi (D:6)
  2 adder zombies (Ossuary)
  2 dart slugs
  A ribbon worm (D:3)
  14 orcs
  7 ball pythons
  7 bats
  6 endoplasms
  A giant cockroach (D:3)
  4 gnoll zombies (Ossuary)
  13 hobgoblins
  2 jackals (D:1)
  6 quokkas
  3 frilled lizards
  8 goblins
  2 jackal zombies (Ossuary)
  2 kobolds (D:2)
  3 kobold zombies (Ossuary)
  4 rats
184 creatures vanquished.

Notes
Turn   | Place    | Note
-------+----------+-------------------------------------------
     0 | D:1      | qw the Deep Elf Hunter began the quest for the Orb.
     0 | D:1      | Reached XP level 1. HP: 12/12 MP: 3/3
     0 | D:1      | 0 ||| qw: Version: 0.3-a-155-g5e7d8dd
     0 | D:1      | 0 ||| qw: Game counter: 1649
     0 | D:1      | 0 ||| qw: Melee chars always use a shield: true
     0 | D:1      | 0 ||| qw: God list: Okawaru
     0 | D:1      | 0 ||| qw: Allow faded altars: false
     0 | D:1      | 0 ||| qw: Do Orc after clearing Dungeon:15 true
     0 | D:1      | 0 ||| qw: Do second Lair branch before Depths: true
     0 | D:1      | 0 ||| qw: Lair rune preference: random
     0 | D:1      | 0 ||| qw: Goals: Normal
     0 | D:1      | 0 ||| PLANNING D:1-11
   381 | D:1      | Reached XP level 2. HP: 16/16 MP: 4/4
   394 | D:1      | Reached skill level 6 in Ranged Weapons
   538 | D:1      | You fall into a shaft and drop 1 floor!
   548 | D:2      | 548 ||| UPGRADING to +0 pair of boots.
   553 | D:2      | 553 ||| UPGRADING to +0 ring mail.
   563 | D:2      | 563 ||| DROPPING +0 leather armour.
   564 | D:2      | 564 ||| READING scroll labelled KIVUCIOGHI.
   564 | D:2      | 564 ||| BRANDING +0 shortbow.
   565 | D:2      | 565 ||| DROPPING scroll of butterflies.
   918 | D:2      | Reached XP level 3. HP: 20/20 MP: 5/5
   958 | D:2      | Reached skill level 7 in Ranged Weapons
   969 | D:2      | Reached XP level 4. HP: 20/25 MP: 6/6
  1571 | D:2      | 1571 ||| READING scroll labelled ISAONU YKAVYRO.
  1572 | D:2      | 1572 ||| READING scroll labelled ODDOTYI OKIHI.
  1572 | D:2      | 1572 ||| ENCHANTING +0 shortbow of freezing.
  1573 | D:2      | 1573 ||| READING 3 scrolls labelled AMNI GENUNATS.
  1573 | D:2      | 1573 ||| IDENTIFYING coppery potion
  1574 | D:2      | 1574 ||| READING 2 scrolls of identify.
  1574 | D:2      | 1574 ||| IDENTIFYING bubbling sapphire potion
  1575 | D:2      | 1575 ||| READING scroll of identify.
  1575 | D:2      | 1575 ||| IDENTIFYING grey potion
  1576 | D:2      | 1576 ||| READING scroll labelled PIUJOH ZATHO.
  1581 | D:2      | 1581 ||| READING scroll labelled FYIH JERRECIBI.
  1582 | D:2      | 1582 ||| READING scroll labelled WOGINI GAPIAWK.
  1582 | D:2      | Identified a scroll of acquirement
  1582 | D:2      | 1582 ||| ACQUIRING amulet of Vitality {RegenMP++ Regen++}
  1582 | D:2      | Acquired the amulet of Vitality {RegenMP++ Regen++}
  1582 | D:2      | Found the amulet of Vitality {RegenMP++ Regen++}
  1584 | D:2      | 1584 ||| UPGRADING to amulet of Vitality {RegenMP++
                  | Regen++}.
  1589 | D:2      | 1589 ||| DRINKING 2 blue potions.
  1590 | D:2      | 1590 ||| DROPPING potion of brilliance.
  1591 | D:2      | 1591 ||| DROPPING potion of magic.
  1592 | D:2      | 1592 ||| DROPPING potion of attraction.
  1619 | D:3      | Reached skill level 8 in Ranged Weapons
  1682 | D:3      | Noticed Robin
  1687 | D:3      | Killed Robin
  1742 | D:3      | Noticed Grinder
  1755 | D:3      | HP: 3/25 [Grinder/nerve-wracking pain (13)]
  1756 | D:3      | Killed Grinder
  1757 | D:3      | Reached skill level 9 in Ranged Weapons
  1757 | D:3      | Reached XP level 5. HP: 6/29 MP: 7/7
  1757 | D:3      | Reached XP level 6. HP: 7/34 MP: 8/8
  1881 | D:3      | 1881 ||| READING 2 scrolls of enchant weapon.
  1881 | D:3      | 1881 ||| ENCHANTING +1 shortbow of freezing.
  1882 | D:3      | 1882 ||| READING scroll of enchant weapon.
  1882 | D:3      | 1882 ||| ENCHANTING +2 shortbow of freezing.
  2002 | D:3      | Found a faded altar of an unknown god.
  2093 | D:3      | Noticed Jessica
  2094 | D:3      | Killed Jessica
  2095 | D:3      | Reached skill level 10 in Ranged Weapons
  2289 | D:3      | 2289 ||| UPGRADING to +0 helmet.
  2294 | D:3      | 2294 ||| READING scroll of identify.
  2294 | D:3      | 2294 ||| IDENTIFYING orange potion
  2295 | D:3      | 2295 ||| READING scroll labelled SIURAX ULAFAUG.
  2434 | D:4      | Found a sacrificial altar of Ru.
  2521 | D:4      | 2521 ||| DRINKING 2 potions of curing.
  2521 | D:4      | 2521 ||| (to cure confusion)
  2524 | D:4      | Found a shimmering blue altar of Sif Muna.
  2533 | D:4      | Noticed an orc warrior
  2534 | D:4      | 2534 ||| ZAPPING wand of paralysis (8) at 2,3 (orc warrior;
                  | floor).
  2549 | D:4      | HP: 8/35 [orc warrior/+0 war axe of flaming (3)]
  2550 | D:4      | HP: 3/35 [orc warrior/+0 war axe of flaming (7)]
  2551 | D:4      | Killed an orc warrior
  2570 | D:4      | Found a bloodstained altar of Trog.
  2586 | D:4      | Reached skill level 3 in Dodging
  2586 | D:4      | Reached XP level 7. HP: 40/40 MP: 9/9
  3006 | D:4      | 3006 ||| READING 2 scrolls of identify.
  3006 | D:4      | 3006 ||| IDENTIFYING sapphire potion
  3007 | D:4      | 3007 ||| READING scroll of identify.
  3007 | D:4      | 3007 ||| IDENTIFYING fizzy blue potion
  3008 | D:4      | 3008 ||| DROPPING potion of degeneration.
  3023 | D:5      | Entered Level 5 of the Dungeon
  3030 | D:5      | Found an opulent altar of Gozag.
  3086 | D:5      | Reached skill level 11 in Ranged Weapons
  3222 | D:5      | Found a glowing golden altar of the Shining One.
  3339 | D:5      | Reached skill level 12 in Ranged Weapons
  3551 | D:5      | Reached XP level 8. HP: 44/44 MP: 10/10
  3722 | D:5      | Reached skill level 3 in Fighting
  3850 | D:5      | 3850 ||| UPGRADING to +0 pair of gloves.
  3855 | D:5      | 3855 ||| READING scroll of identify.
  3855 | D:5      | 3855 ||| IDENTIFYING purple potion
  3856 | D:5      | 3856 ||| DRINKING 2 white potions.
  3979 | D:6      | Reached skill level 13 in Ranged Weapons
  3979 | D:6      | 3979 ||| FLEEEEING.
  4000 | D:6      | 4000 ||| DRINKING potion of haste.
  4094 | D:6      | Noticed Edmund
  4099 | D:6      | Killed Edmund
  4170 | D:6      | Reached skill level 14 in Ranged Weapons
  4182 | D:6      | Reached XP level 9. HP: 30/50 MP: 11/11
  4192 | D:6      | 4192 ||| FLEEEEING.
  4193 | D:6      | 4193 ||| FLEEEEING.
  4194 | D:6      | 4194 ||| FLEEEEING.
  4195 | D:6      | 4195 ||| FLEEEEING.
  4355 | D:6      | 4355 ||| READING scroll of identify.
  4355 | D:6      | 4355 ||| IDENTIFYING fuming red potion
  4356 | D:6      | 4356 ||| READING scroll labelled YMIONO HUACKUD.
  4356 | D:6      | 4356 ||| ENCHANTING +0 pair of gloves.
  4357 | D:6      | 4357 ||| DROPPING wand of flame (28).
  4379 | D:7      | 4379 ||| PLANNING OSSUARY
  4572 | D:7      | Reached skill level 6 in Dodging
  4631 | D:7      | Found a sparkling altar of Nemelex Xobeh.
  4638 | D:7      | Noticed Joseph
  4638 | D:7      | Noticed Pikel
  4639 | D:7      | 4639 ||| RETREEEEATING.
  4640 | D:7      | 4640 ||| RETREEEEATING.
  4641 | D:7      | 4641 ||| RETREEEEATING.
  4642 | D:7      | 4642 ||| RETREEEEATING.
  4643 | D:7      | 4643 ||| RETREEEEATING.
  4644 | D:7      | 4644 ||| RETREEEEATING.
  4645 | D:7      | 4645 ||| DRINKING potion of haste.
  4656 | D:7      | 4656 ||| RETREEEEATING.
  4661 | D:7      | 4661 ||| RETREEEEATING.
  4662 | D:7      | 4662 ||| RETREEEEATING.
  4663 | D:7      | 4663 ||| RETREEEEATING.
  4664 | D:7      | 4664 ||| RETREEEEATING.
  4675 | D:7      | Killed Pikel
  4680 | D:7      | Killed Joseph
  4733 | D:7      | Reached skill level 3 in Armour
  4992 | D:7      | Found a sand-covered staircase.
  4998 | Ossuary  | Entered an ossuary
  5131 | Ossuary  | Reached XP level 10. HP: 59/59 MP: 12/12
  5181 | Ossuary  | 5181 ||| READING scroll of enchant weapon.
  5181 | Ossuary  | 5181 ||| ENCHANTING +3 shortbow of freezing.
  5202 | Ossuary  | 5202 ||| READING 2 scrolls of identify.
  5202 | Ossuary  | 5202 ||| IDENTIFYING amethyst potion
  5203 | Ossuary  | 5203 ||| READING scroll of identify.
  5203 | Ossuary  | 5203 ||| IDENTIFYING scroll labelled WORESAOGIO
  5204 | Ossuary  | 5204 ||| DROPPING scroll of fog.
  5205 | Ossuary  | 5205 ||| DROPPING potion of invisibility.
  5209 | D:7      | 5209 ||| PLANNING D:1-11
  5305 | D:7      | Found a staircase to the Ecumenical Temple.
  5306 | D:7      | 5306 ||| PLANNING TEMPLE
  5306 | D:7      | 5306 ||| READING scroll of identify.
  5306 | D:7      | 5306 ||| IDENTIFYING scroll labelled RACSIA JOPIN
  5307 | D:7      | 5307 ||| DROPPING scroll of torment.
  5313 | Temple   | Entered the Ecumenical Temple
  5314 | Temple   | 5314 ||| PLANNING OKAWARU WORSHIP
  5324 | Temple   | Became a worshipper of Warmaster Okawaru
  5325 | Temple   | 5325 ||| PLANNING D:1-11
  5483 | D:7      | Reached skill level 6 in Fighting
  5669 | D:7      | 5669 ||| SWAPPING to +0 orcbow.
  5680 | D:7      | 5680 ||| DROPPING +4 shortbow of freezing.
  5778 | D:8      | Found an ornate altar of the Wu Jian Council.
  5785 | D:8      | Found a blossoming altar of Fedhas.
  5796 | D:7      | 5796 ||| READING scroll of identify.
  5796 | D:7      | 5796 ||| IDENTIFYING scroll labelled CUUS RAQILI
  5797 | D:7      | 5797 ||| DROPPING scroll of vulnerability.
  5852 | D:8      | 5852 ||| RETREEEEATING.
  5856 | D:8      | 5856 ||| RETREEEEATING.
  5876 | D:8      | HP: 4/60 [orc warrior/+0 halberd (15)]
  5877 | D:8      | 5877 ||| READING 3 scrolls of teleportation.
  5877 | D:8      | Killed from afar by an orc priest

Levels and vault maps discovered:
D:1:      scummos_arrival_forest, layout_basic, grunt_decor_arrowhead
D:2:      layout_loops_ring, st_stairs_14
D:3:      layout_basic, chequers_ecumenical_altar_twisty, uniq_robin,
          uniq_grinder, uniq_jessica
D:4:      layout_loops_ring, nzn_overflow_gifts_of_might_and_magic,
          lemuel_coloured_pillars_altar
D:5:      layout_cave_pods, amcnicky_altar_gilded, mainiacjoe_overflow_24_doors,
          st_stairs_4, serial_bayou_pond_d
D:6:      layout_rooms, uniq_edmund
D:7:      layout_basic, nicolae_overflow_hidden_temple,
          minmay_temple_entry_steel_oval, lightli_ossuary_entry_decrepit_ruins,
          st_stairs_4, uniq_joseph, uniq_pikel
D:8:      layout_loops_ring, grunt_temple_overflow_open,
          erik_lair_orcish_takeover, kennysheep_generic_room_4
Temple:   jpeg_temple_clearing

Skill      XL: |  1  2  3  4  5  6  7  8  9 10 |
---------------+-------------------------------+-----
Ranged Weapons | 6 7 9 10 12 14 | 14.5
Fighting       | 2 3 5 6 |  6.0
Armour         | 2 3 |  3.3
Dodging        | 3 5 8 |  8.6
Stealth        | |  1.2

Action                     |  1- 3 |  4- 6 |  7- 9 | 10-12 || total
---------------------------+-------+-------+-------+-------++-------
   Fire: Shortbow          |    61 |   128 |   396 |    44 ||   629
         Orcbow            |       |       |       |    40 ||    40
  Evoke: Wand              |       |     1 |       |       ||     1
    Use: Scroll            |     1 |    12 |     5 |     6 ||    24
         Potion            |       |     2 |     3 |       ||     5
 Armour: Ring mail         |     4 |    26 |    66 |    31 ||   127
  Dodge: Dodged            |    15 |    35 |    72 |    19 ||   141

Table legend:
 A = Non-vault XP
 B = Vault XP
 C = Vault XP percentage of total XP
 D = Non-vault monster count
 E = Vault monster count
 F = Vault count percentage of total count
                 A         B        C        D         E       F
            +---------+---------+-------+---------+---------+-------
      Total |    4098 |    2739 |  40.1 |     132 |      51 |  27.9
            +---------+---------+-------+---------+---------+-------
        D:1 |      24 |       0 |   0.0 |      13 |       0 |   0.0
        D:2 |     116 |       2 |   1.7 |      20 |       1 |   4.8
        D:3 |      74 |     342 |  82.2 |      21 |      14 |  40.0
        D:4 |     218 |     172 |  44.1 |      11 |       2 |  15.4
        D:5 |     784 |      16 |   2.0 |      20 |       2 |   9.1
        D:6 |    1218 |     162 |  11.7 |      21 |       1 |   4.5
        D:7 |    1331 |    1276 |  48.9 |      24 |       5 |  17.2
        D:8 |     333 |     269 |  44.7 |       2 |       4 |  66.7
    Ossuary |       0 |     500 | 100.0 |       0 |      22 | 100.0
            +---------+---------+-------+---------+---------+-------
